 Dungeon Crawl Stone Soup version 0.27.1-2-g3b301248ec (webtiles) character file.

Game seed: 10512757421067054

6534 pkoi the Carver (level 10, -2/88 HPs)
             Began as a Minotaur Fighter on Sept 30, 2021.
             Was a Believer of Makhleb.
             Slain by a freezing wraith (13 damage)
             ... on level 10 of the Dungeon.
             The game lasted 00:13:10 (10104 turns).

pkoi the Carver (Minotaur Fighter)                 Turns: 10104, Time: 00:13:11

Health: -2/88      AC: 21    Str: 28    XL:     10   Next: 69%
Magic:  13/13      EV:  7    Int:  5    God:    Makhleb [**....]
Gold:   588        SH: 13    Dex: 15    Spells: 9/9 levels left

rFire    + . .     SeeInvis .   x - +4 scimitar
rCold    . . .     Faith    .   c - +1 kite shield
rNeg     . . .     Spirit   .   i - +9 chain mail "Boiq Ics" {+Inv rPois Str-2 Dex+5}
rPois    +         Reflect  .   (helmet restricted)
rElec    .         Harm     .   s - scarf {+Inv}
rCorr    .         Rampage  .   F - +0 pair of gloves
Will     .....                  (no boots)
Stlth    ..........             (no amulet)
HPRegen  0.24/turn              C - +6 ring of strength
MPRegen  0.13/turn              w - ring of protection from fire

@: slowed, very slow
A: horns 2, retaliatory headbutt
a: Renounce Religion, Evoke Invisibility, Minor Destruction


You were on level 10 of the Dungeon.
You worshipped Makhleb.
Makhleb was pleased with you.
You visited 1 branch of the dungeon, and saw 11 of its levels.

You collected 588 gold pieces.

Inventory:

Hand Weapons
 a - a +0 long sword
 f - a +2 dagger of venom
 h - a +2 vampiric dagger
 x - a +4 scimitar (weapon)
Missiles
 k - 4 datura-tipped darts
 q - 40 poisoned darts (quivered)
 u - a throwing net
Armour
 c - a +1 kite shield (worn)
 i - the +9 chain mail "Boiq Ics" (worn) {+Inv rPois Str-2 Dex+5}
   (You took it off an orc on level 4 of the Dungeon)

   Str:       It affects your strength (-2).
   Dex:       It affects your dexterity (+5).
   rPois:     It protects you from poison.
   +Inv:      It lets you turn invisible.
 s - a scarf of invisibility (worn)
 F - a +0 pair of gloves (worn)
Jewellery
 t - a ring of resist corrosion
 w - a ring of protection from fire (right hand)
 C - a +6 ring of strength (left hand)
 E - a ring of see invisible
Wands
 r - a wand of polymorph (6)
 z - a wand of iceblast (6)
Scrolls
 l - a scroll of identify
 y - a scroll of teleportation
Potions
 d - 4 potions of might
 g - 5 potions of curing
 j - 3 potions of flight
 m - 6 potions of haste {unknown}
 n - 3 potions of lignification
 o - a potion of berserk rage
 v - 2 potions of cancellation
 D - 2 potions of mutation {unknown}
 G - a potion of invisibility {unknown}


   Skills:
 + Level 8.1 Fighting
 * Level 10.3 Long Blades
 - Level 4.8 Throwing
 + Level 8.0 Armour
 + Level 8.0 Shields
 * Level 5.6 Invocations
 + Level 4.8 Evocations


You had 9 spell levels left.
You didn't know any spells.
Your spell library contained the following spells:

 Spells                   Type           Power      Damage    Failure   Level
 Foxfire                  Conj/Fire      0%         2x1d4     99%         1
 Summon Small Mammal      Summ           0%         N/A       99%         1
 Passwall                 Tmut/Erth      0%         N/A       100%        2
 Call Canine Familiar     Summ           0%         N/A       100%        3
 Conjure Flame            Conj/Fire      0%         6-21      100%        3
 Inner Flame              Hex/Fire       0%         N/A       100%        3
 Summon Guardian Golem    Hex/Summ       0%         N/A       100%        3
 Swiftness                Air            0%         N/A       100%        3
 Petrify                  Tmut/Erth      0%         N/A       100%        4
 Metabolic Englaciation   Hex/Ice        0%         N/A       100%        5
 Invisibility             Hex            0%         N/A       100%        6
 Statue Form              Tmut/Erth      0%         N/A       100%        6


Dungeon Overview and Level Annotations

Branches:
Dungeon (11/15)            Temple (0/1) D:5
   Lair: D:8-11         Orc: D:9-12

Altars:
Makhleb

Shops:
D:1 =   D:10 *

Annotations:
D:3 2 transporters
D:9 1 runed translucent door, bnorton916's ghost, journeyman DECj


Innate Abilities, Weirdness & Mutations

You have a pair of horns on your head.
You reflexively headbutt those who attack you in melee.


Message History

Unknown command.
You hit the freezing wraith.
The freezing wraith is lightly damaged.
The freezing wraith hits you but does no damage.
You block the freezing wraith's attack. x2
The freezing wraith hits you but does no damage.
You hit the freezing wraith.
The freezing wraith is lightly damaged.
You block the freezing wraith's attack. The freezing wraith hits you!
* * * LOW HITPOINT WARNING * * *
The freezing wraith drains your vigour!
You feel as though you will be slow longer.
You closely miss the freezing wraith.
Your headbutt misses the freezing wraith.
The freezing wraith is lightly damaged.
The freezing wraith hits you!
* * * LOW HITPOINT WARNING * * *
The freezing wraith freezes you!
* * * LOW HITPOINT WARNING * * *
You block the freezing wraith's attack.
The freezing wraith hits you but does no damage.
The freezing wraith barely misses you.
You hit the freezing wraith.
The freezing wraith is moderately damaged.
You block the freezing wraith's attack. The freezing wraith hits you.
* * * LOW HITPOINT WARNING * * *
The freezing wraith drains your vigour!
You feel as though you will be slow longer.
Unknown command.
You barely miss the freezing wraith.
Your headbutt misses the freezing wraith.
The freezing wraith is moderately damaged.
The freezing wraith hits you but does no damage.
You block the freezing wraith's attack. x2
The freezing wraith hits you but does no damage.
There is a stone staircase leading down here.
The freezing wraith hits you!
* * * LOW HITPOINT WARNING * * *
The freezing wraith freezes you!
You die...

.................#
.................#
.................#
.................#
.................#
.................#
.................#
.....#####.......#
#....# #......@#
#....# #......W#
#....# #......>#
.....#####.......#
.................#
.................#
...).............#
.................#
.................#


You could see a freezing wraith.

Vanquished Creatures
  Joseph (D:8)
  Maggie (D:8)
  A wraith (D:9)
  A wyvern (D:8)
  4 yaks (D:8)
  Grum (D:8)
  Menkaure (D:4)
  A steam dragon (D:7)
  2 acid dragons
  4 orc warriors
  2 sky beasts
  A necrophage (D:8)
  4 wolves (D:8)
  2 ogres
  2 centaurs
  A phantom (D:5)
  2 kobold brigands
  3 bullfrogs
  A gnoll sergeant (D:9)
  A wyvern zombie (D:5)
  A scorpion (D:5)
  9 killer bees
  12 wights
  2 howler monkeys
  2 bullfrog zombies
  2 bullfrog skeletons
  2 centaur skeletons
  4 centaur zombies
  5 hounds
  Crazy Yiuf (D:6)
  6 jellies
  4 orc priests (D:7)
  A gnoll shaman (D:10)
  3 iguanas
  9 orc wizards
  8 gnolls
  A howler monkey skeleton (D:6)
  2 adders (D:2)
  A white imp (D:7)
  2 ufetubi
  A worm (D:3)
  4 dart slugs
  27 orcs
  6 endoplasms
  3 giant cockroaches
  9 goblins
  7 hobgoblins
  3 jackals (D:1)
  6 quokkas
  A ball python (D:2)
  2 bats
  5 frilled lizards
  10 kobolds
  4 rats
201 creatures vanquished.

Vanquished Creatures (others)
  2 withered plants (D:9)
2 creatures vanquished.

Grand Total: 203 creatures vanquished

Notes
Turn   | Place    | Note
-------+----------+-------------------------------------------
     0 | D:1      | pkoi the Minotaur Fighter began the quest for the Orb.
     0 | D:1      | Reached XP level 1. HP: 19/19 MP: 0/0
   195 | D:1      | Found Qackias's Jewellery Shoppe.
   231 | D:1      | Reached XP level 2. HP: 27/27 MP: 1/1
   250 | D:1      | Reached skill level 3 in Long Blades
   797 | D:2      | Reached XP level 3. HP: 33/33 MP: 2/2
  1834 | D:3      | Reached XP level 4. HP: 37/40 MP: 3/3
  2003 | D:3      | Found a transporter.
  2028 | D:3      | Found a transporter.
  2271 | D:3      | Reached skill level 1 in Throwing
  2586 | D:3      | Found a faded altar of an unknown god.
  2814 | D:4      | Identified the +9 chain mail "Boiq Ics" {+Inv rPois Str-2
                  | Dex+5}
  2845 | D:4      | Reached skill level 4 in Long Blades
  2870 | D:4      | Reached XP level 5. HP: 11/47 MP: 4/4
  3241 | D:4      | Noticed an ogre
  3258 | D:4      | Killed an ogre
  3335 | D:4      | Reached XP level 6. HP: 44/53 MP: 5/5
  3337 | D:4      | Reached skill level 5 in Long Blades
  3473 | D:4      | Noticed Menkaure
  3485 | D:4      | Killed Menkaure
  3486 | D:4      | Reached skill level 1 in Evocations
  3857 | D:5      | Entered Level 5 of the Dungeon
  3867 | D:5      | Reached skill level 5 in Fighting
  3867 | D:5      | Reached skill level 5 in Armour
  3867 | D:5      | Reached skill level 5 in Shields
  3873 | D:5      | Noticed a sky beast
  3891 | D:5      | Killed a sky beast
  3892 | D:5      | Reached XP level 7. HP: 44/61 MP: 6/6
  4033 | D:5      | Reached skill level 6 in Long Blades
  4393 | D:5      | Found a staircase to the Ecumenical Temple.
  4623 | D:5      | Reached XP level 8. HP: 50/69 MP: 7/7
  5166 | D:5      | Reached skill level 7 in Long Blades
  5692 | D:6      | Found a runed translucent door.
  5693 | D:6      | Noticed Crazy Yiuf
  5931 | D:6      | Found a burning altar of Makhleb.
  6061 | D:6      | Became a worshipper of Makhleb the Destroyer
  6363 | D:6      | Killed Crazy Yiuf
  6424 | D:7      | Reached skill level 1 in Invocations
  6434 | D:7      | Reached skill level 8 in Long Blades
  6434 | D:7      | Reached XP level 9. HP: 78/78 MP: 8/8
  6985 | D:7      | Identified the +6 war axe of Yredelemnul's Approval
                  | {freeze, rPois Will+ Int-4}
  7008 | D:7      | Reached * piety under Makhleb
  7740 | D:8      | Reached skill level 9 in Long Blades
  7758 | D:8      | Noticed Maggie
  7764 | D:8      | Killed Maggie
  7829 | D:8      | Noticed Joseph
  7844 | D:8      | Killed Joseph
  7845 | D:8      | Reached XP level 10. HP: 64/86 MP: 10/12
  8203 | D:8      | Noticed Grum
  8220 | D:8      | Killed Grum
  8629 | D:9      | Reached skill level 5 in Invocations
  8726 | D:9      | Found a runed translucent door.
  8726 | D:9      | Noticed bnorton916's ghost (journeyman DECj)
  8726 | D:9      | Found the +4 Cigotuvi's embrace {rMiasma Drain rN+}
  9127 | D:10     | Entered Level 10 of the Dungeon
  9148 | D:9      | Reached skill level 10 in Long Blades
  9156 | D:10     | Reached ** piety under Makhleb
  9329 | D:9      | HP: 3/88 [acid (10)]
  9863 | D:10     | Found Nonaer's Assorted Antiques.
 10104 | D:10     | Slain by a freezing wraith

Illustrated notes

Levels and vault maps discovered:
D:1:      minmay_arrival_nine_rooms, layout_basic, serial_shops, shop
D:2:      layout_basic, chequers_hall_statues_corner_a, wad_woods_river_04
D:3:      gammafunk_wand_slinger, layout_basic,
          dilly_ecumenical_altar_fadedgnrine, minmay_box_of_dots
D:4:      layout_basic, uniq_menkaure
D:5:      layout_layer_cave, minmay_temple_entry_from_below_a,
          roderic_roman_lattice
D:6:      layout_basic, marbit_many_paths, dk_noncrumbling_3, chequers_jeans,
          uniq_crazy_yiuf_cottage
D:7:      layout_layer_cave
D:8:      layout_loops_corners, uniq_joseph, uniq_grum, uniq_maggie
D:9:      layout_cave_pools, gammafunk_ghost_grave
D:10:     layout_big_octagon, serial_shops, kennysheep_little_box, st_stairs_14
D:11:     layout_rooms, grunt_lair_entry_orc_guard_hut,
          kennysheep_orc_monster_closet_entryway, lightli_wizard_tower

Skill      XL: |  1  2  3  4  5  6  7  8  9 10 |
---------------+-------------------------------+-----
Long Blades    | 3 4 5 6 8 9 10 | 10.3
Armour         | 4 5 6 7 8 |  8.0
Shields        | 4 5 6 7 8 |  8.0
Fighting       | 4 5 6 7 8 |  8.1
Throwing       | 1 2 3 4 |  4.8
Evocations     | 1 2 3 4 |  4.8
Invocations    | 1 4 5 |  5.6

Action                   |  1- 3 |  4- 6 |  7- 9 | 10-12 || total
-------------------------+-------+-------+-------+-------++-------
Melee: Long sword        |    98 |    95 |    78 |       ||   271
       Headbutt          |    12 |    21 |    82 |    42 ||   157
       Scimitar          |       |       |   180 |   129 ||   309
Throw: Dart              |       |     3 |       |       ||     3
  Use: Scroll            |       |    10 |     5 |     2 ||    17
       Potion            |       |     1 |       |       ||     1
Armor: Scale mail        |    42 |    12 |       |       ||    54
       Chain mail        |       |    26 |   144 |    84 ||   254
Dodge: Dodged            |    36 |    29 |    48 |    34 ||   147
Block: Kite shield       |    45 |    65 |   158 |   118 ||   386
       Rpst.: Long sword |     8 |     7 |     8 |       ||    23
       Scimitar          |       |       |     8 |     4 ||    12
